 Dungeon Crawl Stone Soup version 0.19.4 (webtiles) character file.

467 Minion the Covert (level 6, 0/44 HPs)
             Began as a Vampire Assassin on Feb 1, 2017.
             Was a Believer of Dithmenos.
             Killed by divine providence
             ... invoked by an orc priest
              (18 damage)
             ... on level 4 of the Dungeon.
             The game lasted 00:10:28 (3873 turns).

Minion the Covert (Vampire Assassin)                Turns: 3873, Time: 00:10:29

Health: 0/44       AC:  9    Str: 10    XL:     6   Next: 81%
Magic:  6/6        EV: 14    Int: 13    God:    Dithmenos [**....]
Gold:   160        SH:  0    Dex: 18    Spells: 0 memorised, 5 levels left

rFire  . . .     SeeInvis +     q - +3 dagger (freeze)
rCold  . . .     Gourm    .     o - +0 robe
rNeg   + . .     Faith    .     (no shield)
rPois  .         Spirit   .     (no helmet)
rElec  .         Reflect  .     d - +0 cloak
rCorr  .         Harm     +     (no gloves)
MR     .....                    C - +0 pair of boots
Stlth  +++++.....               t - amulet of harm
                                u - ring of loudness (curse)
                                r - +5 ring of protection

@: wreathed by umbra
A: fangs 3, see invisible, unbreathing
a: Bat Form, Shadow Step, Renounce Religion


You were on level 4 of the Dungeon.
You worshipped Dithmenos.
Dithmenos was pleased with you.
You were not thirsty.

You visited 1 branch of the dungeon, and saw 4 of its levels.

You collected 160 gold pieces.

Inventory:

Hand Weapons
 b - a +0 blowgun
 q - a +3 dagger of freezing (weapon)
Missiles
 e - 8 poisoned needles
 f - 2 curare-tipped needles
 p - 3 needles of sleeping
Armour
 c - a +0 robe
 d - a +0 cloak (worn)
 o - a +0 robe (worn)
 C - a +0 pair of boots (worn)
Jewellery
 h - an uncursed ring of fire {unknown}
 r - a +5 ring of protection (left hand)
 t - an amulet of harm (around neck)
 u - a cursed ring of loudness (right hand)
 y - an uncursed ring of resist corrosion {unknown}
 z - an uncursed ring of see invisible {unknown}
 A - an uncursed ring of magical power {unknown}
Scrolls
 a - a scroll of blinking
 i - 2 scrolls of magic mapping
 n - 3 scrolls of identify
 B - a scroll of recharging {unknown}
Potions
 g - 12 potions of blood
 j - a potion of invisibility {unknown}
 k - a potion of berserk rage {unknown}
 l - 2 potions of curing
 m - a potion of might {unknown}
 s - a potion of brilliance {unknown}
 v - 2 potions of cure mutation {unknown}
 w - 2 potions of heal wounds {unknown}
 x - 2 potions of haste {unknown}
 D - a potion of lignification {unknown}


   Skills:
 - Level 1.7 Fighting
 + Level 4.1 Short Blades
 - Level 1.5 Throwing
 + Level 3.4 Dodging
 * Level 10.3 Stealth


You had 5 spell levels left.
You didn't know any spells.

Dungeon Overview and Level Annotations

Branches:
Dungeon (4/15)
 Temple: D:4-7

Altars:
Ashenzari
Dithmenos
Gozag
Yredelemnul


Innate Abilities, Weirdness & Mutations

You have razor-sharp teeth.
You have supernaturally acute eyesight. (SInv)
You can survive without breathing.


Message History

a flail; a chain mail; a dagger; a robe; an orc corpse You are too injured to fight recklessly!
You feel better.
You hit the orc but do no damage. The orc closely misses you.
You hit the orc. You freeze the orc. You bite the orc.
You kill the orc!
Dithmenos accepts your kill.
You closely miss the orc. You puncture the orc! You freeze the orc.
You kill the orc!
Dithmenos accepts your kill.
You hit the orc priest. You freeze the orc priest.
The orc priest is heavily wounded.
The orc priest hits you.
You hit the orc priest but do no damage.
Your bite misses the orc priest.
The orc priest is heavily wounded.
The orc priest mumbles some strange prayers to Beogh against you.
Beogh smites you!
You die...

#.##.#
#.#####....#
#.##.# ..#
#..#.#
#.##.# ###
#..#.####..#
#.. .#
#...........
#.#
#..(........
#.#
#.#########.
#.#
#..######.#
#....o@.).#
.....#####.#
##. #.# ..#
..? #.# #.#
.#


You could see an orc priest.

Vanquished Creatures
  An ogre (D:4)
  A hound (D:4)
  2 orc priests (D:4)
  3 orc wizards (D:4)
  7 gnolls
  3 adders
  2 oozes
  A dart slug (D:1)
  2 leopard geckos
  20 orcs
  8 bats
  7 giant cockroaches
  6 goblins
  7 hobgoblins
  10 kobolds
  A quokka (D:3)
  A ball python (D:3)
  5 frilled lizards
  A leopard gecko skeleton (D:4)
  2 rats
  A spectral orc (D:2)
91 creatures vanquished.

Notes
Turn   | Place    | Note
-------+----------+-------------------------------------------
     0 | D:1      | Minion the Vampire Assassin began the quest for the Orb.
     0 | D:1      | Reached XP level 1. HP: 16/16 MP: 1/1
    68 | D:1      | Reached skill level 6 in Stealth
   250 | D:1      | Reached XP level 2. HP: 22/22 MP: 2/2
   299 | D:1      | Reached skill level 7 in Stealth
   397 | D:1      | Reached XP level 3. HP: 23/27 MP: 3/3
  1091 | D:2      | Found a shadowy altar of Dithmenos.
  1136 | D:2      | Became a worshipper of Dithmenos the Shadowed
  1294 | D:2      | Reached skill level 8 in Stealth
  1300 | D:2      | Found an opulent altar of Gozag.
  1585 | D:2      | Found a basalt altar of Yredelemnul.
  1726 | D:2      | Reached XP level 4. HP: 33/33 MP: 4/4
  2382 | D:3      | Found a shattered altar of Ashenzari.
  2612 | D:3      | Reached * piety under Dithmenos
  2634 | D:3      | Reached XP level 5. HP: 17/38 MP: 5/5
  3030 | D:3      | Reached skill level 9 in Stealth
  3368 | D:4      | Reached XP level 6. HP: 30/44 MP: 6/6
  3668 | D:4      | Reached ** piety under Dithmenos
  3684 | D:4      | Reached skill level 10 in Stealth
  3873 | D:4      | Killed from afar by an orc priest

Skill      XL: |  1  2  3  4  5  6 |
---------------+-------------------+-----
Stealth        | 6 7 8 9 10 | 10.3
Short Blades   | 3 4 |  4.1
Dodging        | 2 3 |  3.4
Fighting       | |  1.7
Throwing       | |  1.5

Action                   |  1- 3 |  4- 6 || total
-------------------------+-------+-------++-------
Melee: Dagger            |    74 |   209 ||   283
       Bite              |     7 |    18 ||    25
  Use: Scroll            |     4 |     2 ||     6
       Potion            |     2 |     8 ||    10
 Stab: Sleeping          |    16 |    10 ||    26
       Distracted        |       |     1 ||     1
Armor: Robe              |    15 |    33 ||    48
Dodge: Dodged            |    36 |    84 ||   120
